 Dungeon Crawl Stone Soup version 0.28.0-53-g5a82cb258f (webtiles) character file.

Game seed: 16730689998506823761

119 hawla the Firebug (level 4, 0/24 HPs)
             Began as a Deep Elf Fire Elementalist on May 29, 2022.
             Slain by a gnoll
             ... wielding a +0 flail
              (3 damage)
             ... on level 2 of the Dungeon.
             The game lasted 00:07:06 (3040 turns).

hawla the Firebug (Deep Elf Fire Elementalist)      Turns: 3040, Time: 00:07:06

Health: 0/24       AC:  5    Str:  5    XL:     4   Next: 74%
Magic:  8/12       EV: 12    Int: 22    God:
Gold:   108        SH:  0    Dex: 15    Spells: 5/12 levels left

rFire   . . .      SeeInvis .   (no weapon)
rCold   . . .      Faith    .   (no shield)
rNeg    . . .      Spirit   .   a - +0 robe
rPois   .          Reflect  .   g - +0 helmet
rElec   .          Harm     .   f - +1 cloak
rCorr   .          Rampage  .   (no gloves)
Will    +....                   (no boots)
Stlth   ++........              (no amulet)
HPRegen 0.08/turn               k - ring of willpower
MPRegen 0.13/turn               (no ring)

@: very slightly contaminated
A: talons 1, wild magic 1
a: no special abilities


You were on level 2 of the Dungeon.
You visited 1 branch of the dungeon, and saw 3 of its levels.

You collected 108 gold pieces.

Inventory:

Missiles
 c - 2 javelins
 e - 3 poisoned darts
Armour
 a - a +0 robe (worn)
 f - a +1 cloak (worn)
 g - a +0 helmet (worn)
Jewellery
 k - a ring of willpower (left hand)
Wands
 l - a wand of flame (12)
Scrolls
 b - a scroll of identify {unknown}
 h - a scroll of vulnerability {unknown}
Potions
 i - a potion of invisibility


   Skills:
 + Level 2.6 Dodging
 - Level 2.5 Stealth
 - Level 4.5 Spellcasting
 * Level 2.0 Conjurations
 * Level 4.9 Fire Magic


You had 5 spell levels left.
You knew the following spells:

 Your Spells              Type           Power      Damage    Failure   Level
a - Foxfire               Conj/Fire      100%       2x1d9     4%          1
b - Scorch                Fire           68%        2d8       4%          2
c - Flame Wave            Conj/Fire      26%        2d7       34%         4

Your spell library contained the following spells:

 Spells                   Type           Power      Damage    Failure   Level
 Conjure Flame            Conj/Fire      26%        6-21      12%         3
 Inner Flame              Hex/Fire       20%        N/A       17%         3


Dungeon Overview and Level Annotations

Branches:
Dungeon (3/15)

Altars:
Makhleb

Annotations:
D:3 Terence


Innate Abilities, Weirdness & Mutations

You have sharp toenails.
Your spells are a little harder to cast, but a little more powerful.


Message History

The gnoll seems to speed up.
Found a stone staircase leading up.
The gnoll hits you from afar with a +0 spear.
The gnoll barely misses you.
The gnoll hits you from afar with a +0 spear.
The gnoll closely misses you.
There is a stone staircase leading up here.
The gnoll closely misses you.
You climb upwards.
Reactivating autopickup.
There is a stone staircase leading down here.
You start resting.
Magic restored.
You start resting.
HP restored.
There is a stone staircase leading down here.
You climb downwards.
Level annotation: Terence The gnoll shouts!
Terence shouts!
There is a stone staircase leading up here.
Casting: Foxfire (safe; 2% risk of failure)
Confirm with . or Enter, or press ? or * to list all spells.
The spell is potentially lethal to miscast (26% risk of failure)!
Continue anyway?
Casting: Flame Wave (potentially lethal; 26% risk of failure)
Press: ? - help, Dir - look around, f - activate You miscast Flame Wave.
You are very lightly contaminated with residual magic.
You feel uncomfortably hot!
Unknown command.
The gnoll hits you from afar with a +0 spear!
* * * LOW HITPOINT WARNING * * *
The gnoll barely misses you.
The gnoll shaman hits you with a +0 whip.
* * * LOW HITPOINT WARNING * * *
You climb upwards.
There is a stone staircase leading down here.
It was a potion of mutation.
You feel extremely strange.
Your toenails lengthen and sharpen.
You feel less in control of your magic. The gnoll hits you with a +0 flail.
You die...

#..###...# #.#
#........#########.#
##############..................#
............##....#....##########
...########'##'#.....(..........†
......# #..............###.######
......# #.........##........##.##
......# #[......g[...............
......# #.......@.####.#######.##
......# #.......g.#.......####.#
......# #.........#.#####.#....#
......# ###########.....#.#.#..#
##....########..........#.#.#..#
#######.................#.#.#..#
# #.######.########.#...#..# #.#
#.# #.#.#.#..# #.# #.#
#.#.###..##


You could see a gnoll shaman and a gnoll.

Vanquished Creatures
  Ijyb (D:2)
  2 adders (D:2)
  2 worms
  4 dart slugs
  6 ball pythons
  6 endoplasms
  2 giant cockroaches (D:3)
  5 goblins
  5 hobgoblins
  9 jackals
  A quokka (D:1)
  4 bats
  5 frilled lizards
  4 kobolds
  3 rats
59 creatures vanquished.

Vanquished Creatures (others)
  94 foxfires
94 creatures vanquished.

Grand Total: 153 creatures vanquished

Notes
Turn   | Place    | Note
-------+----------+-------------------------------------------
     0 | D:1      | hawla the Deep Elf Fire Elementalist began the quest for
                  | the Orb.
     0 | D:1      | Reached XP level 1. HP: 10/10 MP: 6/6
   162 | D:1      | Reached XP level 2. HP: 15/15 MP: 4/8
   697 | D:1      | Learned a level 2 spell: Scorch
   718 | D:1      | Reached XP level 3. HP: 19/19 MP: 6/10
  1162 | D:2      | Identified the +2 ring mail of Marbles {Contam rElec rN++
                  | rCorr}
  1315 | D:2      | Found a faded altar of an unknown god.
  1332 | D:2      | You fall into a shaft and drop 1 floor!
  1361 | D:3      | Found a burning altar of Makhleb.
  1875 | D:2      | Reached XP level 4. HP: 24/24 MP: 10/12
  1882 | D:2      | Learned a level 4 spell: Flame Wave
  2423 | D:3      | Noticed Ijyb
  2431 | D:2      | Killed Ijyb
  2832 | D:3      | Noticed Terence
  3040 | D:2      | Gained mutation: You have sharp toenails. [potion of
                  | mutation]
  3040 | D:2      | Gained mutation: Your spells are a little harder to cast,
                  | but a little more powerful. [potion of mutation]
  3040 | D:2      | Slain by a gnoll

Illustrated notes

Levels and vault maps discovered:
D:1:      dpeg_arrival_lava_altar, layout_loops_ring, minivault_27,
          corexii_hall_statues_l
D:2:      layout_basic, ebering_ecumenical_altar_box
D:3:      layout_loops_ring, bloody_makhleb, uniq_terence,
          uniq_crazy_yiuf_cottage, uniq_natasha, uniq_grinder, uniq_ijyb

Skill      XL: |  1  2  3  4 |
---------------+-------------+-----
Fire Magic     | 4 |  4.9
Spellcasting   | 4 |  4.5
Conjurations   | 2 |  2.0
Dodging        | |  2.6
Stealth        | |  2.5

Action                   |  1- 3 |  4- 6 || total
-------------------------+-------+-------++-------
Melee: Unarmed           |    20 |     1 ||    21
 Cast: Foxfire           |    45 |    11 ||    56
       Scorch            |     7 |    13 ||    20
       Flame Wave        |       |     1 ||     1
  Use: Scroll            |     2 |     1 ||     3
       Potion            |       |     1 ||     1
Armor: Robe              |    12 |     2 ||    14
Dodge: Dodged            |    19 |    11 ||    30
